 Dungeon Crawl Stone Soup version 0.19.5 (webtiles) character file.

16565 sveltemanboy the Impaler (level 12, 0/83 HPs)
             Began as a Demonspawn Monk on Apr 13, 2017.
             Was an Initiate of Gozag.
             Slain by an ice devil (19 damage)
             ... in an ice cave on Apr 17, 2017.
             The game lasted 00:38:49 (15055 turns).

sveltemanboy the Impaler (Demonspawn Monk)         Turns: 15055, Time: 00:38:51

Health: 0/83       AC: 19    Str: 20    XL:     12   Next: 11%
Magic:  15/15      EV: 13    Int:  6    God:    Gozag
Gold:   1188       SH:  0    Dex: 19    Spells: 0 memorised, 11 levels left

rFire  + . .     SeeInvis .     m - +3 halberd (freeze)
rCold  . . .     Gourm    .     r - +0 chain mail (curse)
rNeg   . . .     Faith    .     (shield currently unavailable)
rPois  +         Spirit   .     y - +2 helmet of the Hippo {rPois rF+ Str+3 Int-4}
rElec  .         Reflect  .     B - +0 cloak
rCorr  .         Harm     .     I - +0 pair of gloves
MR     .....     Clarity  +     (no boots)
Stlth  ..........               (no amulet)
                                A - +3 ring of evasion
                                H - +4 ring of dexterity

@: no status effects
A: claws 2, iridescent scales 2, camouflage 1, clarity, dopey 1, spiny 1, wild
magic 1, rot immunity
a: Potion Petition, Call Merchant, Bribe Branch, Renounce Religion


You were in an ice cave.
You worshipped Gozag.
Gozag was most pleased with you.
You were very hungry.

You visited 2 branches of the dungeon, and saw 13 of its levels.
You also visited: Ice Cave.

You collected 3105 gold pieces.
You spent 649 gold pieces at shops.
You paid 1268 gold pieces to Gozag.

Inventory:

Hand Weapons
 m - a +3 halberd of freezing (weapon)
 t - a +1 trident
 L - a +0 glaive
Armour
 r - a cursed +0 chain mail (worn)
 y - the +2 helmet of the Hippo (worn) {rPois rF+ Str+3 Int-4}
   (You bought it in a shop on level 8 of the Dungeon)

   It affects your strength (+3).
   It affects your intelligence (-4).
   It protects you from fire.
   It protects you from poison.
 B - a +0 cloak (worn)
 I - a +0 pair of gloves (worn)
 J - the +3 warlock's mirror {reflect}
   (You bought it in a shop on level 8 of the Dungeon)
Jewellery
 e - an uncursed ring of see invisible
 A - a +3 ring of evasion (right hand)
 D - an uncursed ring of fire
 H - a +4 ring of dexterity (left hand)
Wands
 a - a wand of teleportation (4/9)
 s - a wand of acid (0/15)
 z - a wand of polymorph (4/24)
 G - a wand of iceblast (0/15)
Scrolls
 f - a scroll of identify
 h - 2 scrolls of magic mapping
 j - 2 scrolls of teleportation
 o - 3 scrolls of enchant armour
 p - a scroll of enchant weapon
 q - 2 scrolls of amnesia
 w - a scroll of remove curse
 C - a scroll of fear
Potions
 b - a potion of magic
 i - 2 potions of curing
 l - 2 potions of cure mutation
 n - 3 potions of flight
 v - a potion of agility
 x - a potion of berserk rage
 M - a potion of resistance
 N - a potion of haste
Books
 d - a book of Flames

   Spells                             Type                      Level
   a - Flame Tongue                   Conjuration/Fire             1
   b - Throw Flame                    Conjuration/Fire             2
   c - Conjure Flame                  Conjuration/Fire             3
   d - Inner Flame                    Hexes/Fire                   3
   e - Sticky Flame                   Conjuration/Fire             4
   f - Fireball                       Conjuration/Fire             5
Comestibles
 c - 7 bread rations
 k - 3 meat rations
 u - a slice of pizza


   Skills:
 - Level 4.0 Fighting
   Level 0.3 Maces & Flails
 * Level 15.6 Polearms
 - Level 4.0 Armour
 - Level 4.0 Dodging
 - Level 1.7 Stealth
 - Level 4.0 Shields
 + Level 4.2 Evocations


You had 11 spell levels left.
You didn't know any spells.

Dungeon Overview and Level Annotations

Branches:
Dungeon (11/15)            Temple (0/1) D:6            Lair (2/6) D:9
    Orc (0/2) D:9
  Swamp: Lair:2-4    Shoals: Lair:2-4     Snake: Lair:2-4    Spider: Lair:2-4

Altars:
Ashenzari
Fedhas
Gozag
Sif Muna
Trog
Vehumet
Yredelemnul

Shops:
D:5 (   D:8 [   D:9 %

Annotations:
D:8 exclusion: 2 oklob plants


Innate Abilities, Weirdness & Mutations

You have very sharp fingernails.
You are mostly covered in iridescent scales. (AC +4)
You are partially covered in sharp spines.
You are immune to rotting.
Your skin changes colour to match your surroundings (Stealth+).
You possess an exceptional clarity of mind.
You are dopey. (Int -2)
Your spells are a little harder to cast, but a little more powerful.


Message History

You hit the ice devil but do no damage.
The ice devil is severely wounded.
The ice devil is struck by your spines.
The ice devil hits you but does no damage.
You closely miss the ice devil.
The ice devil is almost dead.
The ice devil hits you! The ice devil freezes you!!
* * * LOW HITPOINT WARNING * * *
You bump into the ice covered rock wall.
The ice devil barely misses you.
You miss the ice devil.
The ice devil is almost dead.
You bump into the ice covered rock wall.
You feel less invigorated.
You feel less confused. The ice devil hits you.
* * * LOW HITPOINT WARNING * * *
The ice devil freezes you!!
You die...
Your body crumbles into a pile of gold.

#####
##...##
##.....##
#...∩...#
#@..∩...#
##4....##
##...##
##...#
#...##
#...#
##...#
#...#
.....#


You could see an ice devil.

Vanquished Creatures
  2 hydras (Lair:1)
  2 hill giants
  An elephant (D:9)
  2 spiny frogs (Lair:1)
  A black mamba (Lair:1)
  Psyche (D:9)
  3 rime drakes
  2 komodo dragons
  A merfolk (D:10)
  2 trolls
  3 two-headed ogres
  4 blink frogs (Lair:2)
  4 hornets
  3 hippogriffs
  3 wyverns
  6 yaks
  Menkaure (D:6)
  A soldier ant (D:11)
  Edmund (D:5)
  3 water moccasins
  A porcupine (Lair:1)
  Duvessa (D:5)
  An orc warrior (D:9)
  4 ice beasts
  A phantom (D:11)
  A necrophage (D:5)
  2 ogres
  5 centaurs
  3 crocodiles
  A big kobold (D:8)
  Blork the orc (D:6)
  5 bullfrogs
  A gnoll sergeant (D:9)
  Dowan (D:5)
  6 scorpions
  21 killer bees
  7 wights
  5 howler monkeys
  4 bullfrog zombies
  10 crimson imps
  A quasit (D:11)
  A centaur zombie (D:8)
  5 orc wizards
  6 hounds
  3 orc priests
  2 jellies
  2 centaur skeletons
  2 gnoll shamans
  3 bullfrog skeletons
  A human skeleton (D:5)
  3 iguanas
  12 worker ants
  A statue (D:4)
  A hound zombie (D:9)
  A worker ant zombie (D:11)
  Robin (D:4)
  15 gnolls
  8 adders
  4 shadow imps
  2 oozes
  An adder skeleton (D:5)
  A worm (D:2)
  6 leopard geckos
  19 orcs
  A ball python (D:5)
  6 bats
  6 giant cockroaches
  21 goblins
  15 hobgoblins
  22 jackals
  8 quokkas
  2 frilled lizards
  9 kobolds
  A leopard gecko skeleton (D:8)
  2 quokka skeletons
  A quokka zombie (D:6)
  6 rats
328 creatures vanquished.

Vanquished Creatures (others)
  A cyclops (D:11)
  A human (D:5)
2 creatures vanquished.

Grand Total: 330 creatures vanquished

Notes
Turn   | Place    | Note
-------+----------+-------------------------------------------
     0 | D:1      | sveltemanboy the Demonspawn Monk began the quest for the Orb.
     0 | D:1      | Reached XP level 1. HP: 18/18 MP: 1/1
   413 | D:1      | Gained mutation: You are immune to rotting. [demonic ancestry]
   413 | D:1      | Reached XP level 2. HP: 19/24 MP: 2/2
   793 | D:1      | Reached skill level 1 in Armour
  1113 | D:1      | Reached XP level 3. HP: 29/29 MP: 3/3
  1450 | D:2      | Found an opulent altar of Gozag.
  1468 | D:2      | Became a worshipper of Gozag Ym Sagoz the Greedy
  1710 | D:2      | Gained mutation: You are partially covered in sharp spines. [demonic ancestry]
  1710 | D:2      | Reached XP level 4. HP: 37/37 MP: 4/4
  1951 | D:3      | Found a faded altar of an unknown god.
  2856 | D:4      | Noticed Robin
  2884 | D:4      | Killed Robin
  2884 | D:4      | Reached skill level 3 in Polearms
  2884 | D:4      | Gained mutation: You are partially covered in iridescent scales. (AC +2) [demonic ancestry]
  2884 | D:4      | Reached XP level 5. HP: 17/42 MP: 5/5
  3370 | D:4      | Noticed an ogre
  3374 | D:4      | Killed an ogre
  3374 | D:4      | Gained mutation: You are mostly covered in iridescent scales. (AC +4) [demonic ancestry]
  3374 | D:4      | Reached XP level 6. HP: 48/48 MP: 6/6
  3398 | D:4      | Found a radiant altar of Vehumet.
  3891 | D:5      | Entered Level 5 of the Dungeon
  3894 | D:5      | Noticed Edmund
  3897 | D:5      | Found a runed door.
  3897 | D:5      | Noticed a human
  3910 | D:5      | Killed Edmund
  3910 | D:5      | Reached skill level 4 in Polearms
  4054 | D:5      | Found a basalt altar of Yredelemnul.
  4098 | D:5      | Reached XP level 7. HP: 46/54 MP: 7/7
  4287 | D:5      | Noticed Duvessa
  4287 | D:5      | Noticed Dowan
  4305 | D:5      | Killed Duvessa
  4305 | D:5      | Reached skill level 5 in Polearms
  4312 | D:5      | Killed Dowan
  4464 | D:5      | Gained mutation: You are dopey. (Int -2) [potion of mutation]
  4464 | D:5      | Gained mutation: Your skin changes colour to match your surroundings (Stealth+). [potion of mutation]
  4464 | D:5      | Gained mutation: Your spells are a little harder to cast, but a little more powerful. [potion of mutation]
  4612 | D:5      | Reached skill level 6 in Polearms
  4664 | D:5      | Killed a human
  4668 | D:5      | Found a deep blue altar of Sif Muna.
  4700 | D:5      | Noticed a yak
  4720 | D:5      | Killed a yak
  4720 | D:5      | Reached XP level 8. HP: 12/60 MP: 8/8
  4976 | D:5      | Reached skill level 7 in Polearms
  4991 | D:5      | Reached skill level 8 in Polearms
  5344 | D:6      | Noticed Menkaure
  5352 | D:6      | Killed Menkaure
  5448 | D:6      | Found a deep blue altar of Sif Muna.
  5449 | D:6      | Found a basalt altar of Yredelemnul.
  5451 | D:6      | Found a shattered altar of Ashenzari.
  5456 | D:6      | Found a bloodstained altar of Trog.
  5456 | D:6      | Found a blossoming altar of Fedhas.
  5507 | D:6      | Found a staircase to the Ecumenical Temple.
  5522 | D:6      | Noticed Blork the orc
  5534 | D:6      | Killed Blork the orc
  5575 | D:6      | Reached skill level 9 in Polearms
  5610 | D:6      | You fall through a shaft for 3 floors!
  5614 | D:9      | Noticed a hornet
  5616 | D:9      | Noticed a hornet
  5617 | D:10     | Entered Level 10 of the Dungeon
  5621 | D:10     | Paralysed by a hornet for 3 turns
  5626 | D:10     | Gained mutation: You possess an exceptional clarity of mind. [potion of beneficial mutation]
  5635 | D:10     | Killed a hornet
  5635 | D:10     | Reached XP level 9. HP: 23/65 MP: 9/9
  6153 | D:9      | Noticed a troll
  6164 | D:9      | Killed a troll
  6164 | D:9      | Reached skill level 10 in Polearms
  6466 | D:9      | Paralysed by a hornet for 1 turns
  6559 | D:9      | HP: 3/97 [crocodile (5)]
  6562 | D:9      | Reached skill level 11 in Polearms
  6911 | D:9      | Found a staircase to the Lair.
  8109 | D:7      | Gained mutation: You have sharp fingernails. [demonic ancestry]
  8109 | D:7      | Reached XP level 10. HP: 64/71 MP: 10/10
  8166 | D:7      | Reached skill level 12 in Polearms
  8959 | D:8      | Paralysed by a hornet for 2 turns
  9513 | D:8      | Bought the +3 warlock's mirror {reflect} for 313 gold pieces
  9601 | D:8      | Found a blossoming altar of Fedhas.
  9604 | D:8      | Noticed an oklob plant
  9604 | D:8      | Noticed an oklob plant
  9871 | D:9      | Noticed Psyche
  9874 | D:9      | Noticed an elephant
  9894 | D:9      | Killed Psyche
  9894 | D:9      | Reached skill level 1 in Shields
  9913 | D:9      | Killed an elephant
  9913 | D:9      | Reached skill level 13 in Polearms
 10346 | D:9      | Found a shattered altar of Ashenzari.
 10387 | D:9      | Found a staircase to the Orcish Mines.
 10729 | D:8      | Bought the +2 helmet of the Hippo {rPois rF+ Str+3 Int-4} for 336 gold pieces
 10871 | D:9      | Found Lieklisi's Food Boutique.
 10960 | D:10     | Noticed a tengu warrior
 10979 | D:10     | a tengu warrior changed into a merfolk
 10999 | D:10     | HP: 2/71 [merfolk/halberd of freezing (7)]
 11191 | D:10     | Noticed a hill giant
 11199 | D:10     | Killed a hill giant
 11277 | D:10     | Gained mutation: You have very sharp fingernails. [demonic ancestry]
 11277 | D:10     | Reached XP level 11. HP: 75/77 MP: 11/11
 12217 | D:11     | Reached skill level 14 in Polearms
 12392 | D:11     | Noticed a hill giant
 12407 | D:11     | Killed a hill giant
 13440 | Lair:1   | Entered Level 1 of the Lair of Beasts
 13536 | Lair:1   | Noticed a five-headed hydra
 13546 | Lair:1   | Killed a five-headed hydra
 13546 | Lair:1   | Reached skill level 1 in Evocations
 13569 | Lair:1   | Reached skill level 15 in Polearms
 13883 | Lair:1   | Noticed a five-headed hydra
 13898 | Lair:1   | Killed a five-headed hydra
 14831 | Lair:2   | Found a frozen archway.
 14837 | Lair:2   | Reached XP level 12. HP: 64/83 MP: 14/14
 14930 | IceCv    | Entered an ice cave
 15055 | IceCv    | Slain by an ice devil

Skill      XL: |  1  2  3  4  5  6  7  8  9 10 11 12 |
---------------+-------------------------------------+-----
Armour         | 1 2 3 4 |  4.0
Dodging        | 3 4 |  4.0
Fighting       | 4 |  4.0
Polearms       | 3 4 6 9 11 13 15 | 15.6
Shields        | 3 4 |  4.0
Evocations     | 3 4 |  4.2
Maces & Flails | |  0.3
Stealth        | |  1.7

Action                   |  1- 3 |  4- 6 |  7- 9 | 10-12 || total
-------------------------+-------+-------+-------+-------++-------
Melee: Spear             |   170 |    62 |       |       ||   232
       Trident           |       |   100 |   445 |   687 ||  1232
       Halberd           |       |       |       |    69 ||    69
Invok: Call Merchant     |       |       |     1 |     1 ||     2
       Potion Petition   |       |       |     1 |       ||     1
Evoke: Wand              |       |     4 |     2 |    25 ||    31
  Use: Scroll            |       |       |     8 |    16 ||    24
       Potion            |       |       |     7 |     6 ||    13
 Stab: Distracted        |     1 |       |     2 |     4 ||     7
       Sleeping          |     3 |     1 |       |       ||     4
  Eat: Chunk             |     3 |       |       |       ||     3
       Fruit             |       |     2 |     6 |       ||     8
       Beef jerky        |       |     1 |     1 |       ||     2
       Meat ration       |       |     1 |     1 |       ||     2
       Pizza             |       |       |     1 |     8 ||     9
       Bread ration      |       |       |       |     2 ||     2
Armor: Robe              |    18 |       |       |       ||    18
       Ring mail         |     4 |    34 |     5 |       ||    43
       Chain mail        |       |       |    84 |   165 ||   249
       Skin              |       |       |    46 |       ||    46
Dodge: Dodged            |    94 |    58 |   131 |   199 ||   482
Block: Buckler           |       |       |       |    44 ||    44
       Reflection        |       |       |       |     4 ||     4
